 Dungeon Crawl Stone Soup version 0.20.1-1-g8b1a95d (webtiles) character file.

10672 rezek the Covert (level 11, -3/68 (69) HPs)
             Began as a Kobold Berserker on July 7, 2017.
             Was a High Priest of Trog.
             Shot with a bolt by an orc warrior (21 damage)
             ... in a bailey.
             The game lasted 00:47:12 (11233 turns).

rezek the Covert (Kobold Berserker)                Turns: 11233, Time: 00:47:12

HP:   -3/68 (69)    AC:  9    Str: 16    XL:     11   Next: 97%
MP:   17/17         EV: 20    Int: 10    God:    Trog [*****.]
Gold: 586           SH:  0    Dex: 17    Spells: 10/10 levels left

rFire    . . .     SeeInvis .   U - +3 dagger (venom)
rCold    . . .     Gourm    +   (shield restricted)
rNeg     + + .     Faith    .   D - -2 leather armour
rPois    +         Spirit   .   (no helmet)
rElec    .         Reflect  .   R - +1 cloak
rCorr    .         Harm     .   S - +2 pair of gloves of the Suburbs {rN+}
MR       ++...                  (no boots)
Stlth    ++++++....             K - amulet of Kaachon {Gourm rPois rN+}
Regen    1.3/turn               o - +3 ring of protection
MPRegen  0.2/turn               a - +2 ring of intelligence

@: about to teleport, regenerating
A: carnivore 3
a: Berserk, Trog's Hand, Brothers in Arms, Burn Spellbooks, Renounce Religion


You were in a bailey.
You worshipped Trog.
Trog was extremely pleased with you.
You were very full.

You visited 2 branches of the dungeon, and saw 11 of its levels.
You also visited: Ossuary and Bailey.

You collected 586 gold pieces.

Inventory:

Hand Weapons
 E - a +2 dagger of freezing
 U - a +3 dagger of venom (weapon)
 X - a +1 antimagic rapier
 Y - a +0 arbalest
Missiles
 h - 119 bolts
Armour
 b - a +0 animal skin
 D - a -2 leather armour (worn)
 R - a +1 cloak (worn)
 S - the +2 pair of gloves of the Suburbs (worn) {rN+}
   (You found it on level 9 of the Dungeon)

   It protects you from negative energy.
 Z - a cursed +0 ring mail
Jewellery
 a - a +2 ring of intelligence (right hand)
 o - a +3 ring of protection (left hand)
 C - an uncursed amulet of guardian spirit
 G - an uncursed ring of wizardry
 I - an uncursed amulet of harm
 K - the amulet of Kaachon (around neck) {Gourm rPois rN+}
   (You found it in an ossuary)

   [amulet of the gourmand]

   It allows you to eat raw meat even when not hungry.
   It protects you from poison.
   It protects you from negative energy.
Wands
 m - a wand of disintegration (0/24)
 A - a wand of random effects (35/48)
 J - a wand of iceblast (5/15)
 L - a wand of disintegration (9/24)
 T - a wand of acid (12/15)
Scrolls
 e - a scroll of enchant armour
 f - 2 scrolls of enchant weapon
 g - 6 scrolls of teleportation
 k - a scroll of noise
 l - 7 scrolls of remove curse
 p - 15 scrolls of identify
 q - 3 scrolls of amnesia
 r - a scroll of immolation
 t - 4 scrolls of magic mapping
 w - a scroll of acquirement {unknown}
 y - a scroll of fog
 P - a scroll of blinking
 W - a scroll of recharging
Potions
 d - a potion of might
 i - 3 potions of heal wounds {unknown}
 n - a potion of brilliance {unknown}
 v - a potion of ambrosia
 x - 3 potions of flight
 z - a potion of mutation {unknown}
 B - 6 potions of curing
 N - a potion of cancellation {unknown}
 O - a potion of berserk rage {unknown}
 Q - a potion of haste {unknown}
 V - a potion of lignification {unknown}
Books
 u - a book of Cantrips

   Spells                             Type                      Level
   a - Confusing Touch                Hexes                        1
   b - Animate Skeleton               Necromancy                   1
   c - Summon Small Mammal            Summoning                    1
   d - Apportation                    Translocation                1
   Trog disapproves of the use of such an item.
 F - a book of Frost

   Spells                             Type                      Level
   a - Freeze                         Ice                          1
   b - Throw Frost                    Conjuration/Ice              2
   c - Ozocubu's Armour               Charms/Ice                   3
   d - Throw Icicle                   Conjuration/Ice              4
   e - Summon Ice Beast               Ice/Summoning                4
   Trog disapproves of the use of such an item.
 H - a book of Callings

   Spells                             Type                      Level
   a - Summon Small Mammal            Summoning                    1
   b - Call Imp                       Summoning                    2
   c - Call Canine Familiar           Summoning                    3
   d - Summon Guardian Golem          Hexes/Summoning              3
   e - Summon Lightning Spire         Summoning/Air                4
   f - Summon Ice Beast               Ice/Summoning                4
   Trog disapproves of the use of such an item.
 M - a book of Party Tricks

   Spells                             Type                      Level
   a - Summon Butterflies             Summoning                    1
   b - Apportation                    Translocation                1
   c - Lesser Beckoning               Translocation                3
   d - Tukima's Dance                 Hexes                        3
   e - Alistair's Intoxication        Transmutation/Poison         5
   f - Invisibility                   Hexes                        6
   Trog disapproves of the use of such an item.
Comestibles
 c - 11 meat rations
 j - 7 royal jellies
 s - 3 chunks of flesh


   Skills:
 + Level 8.4 Fighting
 - Level 10.8 Short Blades
 + Level 1.6 Armour
 + Level 8.0 Dodging
 * Level 14.7 Stealth
 * Level 9.1 Evocations


You had 10 spell levels left.
You didn't know any spells.

Dungeon Overview and Level Annotations

Branches:
Dungeon (10/15)            Temple (1/1) D:5             Orc (0/2) D:10
   Lair: D:8-11

Altars:
Ashenzari
Cheibriados
Dithmenos
Elyvilon
Fedhas
Gozag
Hepliaklqana
Kikubaaqudgha
Makhleb
Nemelex Xobeh
Okawaru
Qazlal
Ru
Sif Muna
Trog
Uskayaw
Vehumet
Xom
Yredelemnul
Zin
The Shining One

Annotations:
D:1 loot across lava Bailey panicbit's ghost, novice MiFi


Innate Abilities, Weirdness & Mutations

You are small and have problems with some larger weapons.
You are carnivorous and can eat meat at any time.


Message History

You start resting.
Eating one of 4 chunks of flesh.
You eat one of the 4 chunks of flesh.
This raw flesh tastes great.
Your surroundings suddenly seem different.
An orc comes into view. It is wielding an arbalest.
The orc shouts!
Panicbit's ghost (novice Minotaur Fighter) comes into view.
It is wielding a weapon of flaming.
Panicbit's ghost turns its malevolent gaze towards you.
The orc warrior shouts!
You hear a shout!
The orc barely misses you.
You recover from your berserk rage.
The orc disappears!
The orc shoots a bolt.
The bolt misses you.
The orc warrior shoots a bolt.
The bolt hits you.
You see here a bolt.
As you read the scroll of teleportation, it crumbles to dust.
You feel strangely unstable.
The orc shoots a bolt.
The bolt hits you!
* * * LOW HITPOINT WARNING * * *
The orc shoots a bolt.
The bolt barely misses you.
The orc warrior shoots a bolt.
The bolt hits you!!
You die...

#..........
#......o....
#..............
#..............#
#........... ...#
#.......≈≈≈≈ ....###
#(.....≈≈# ≈......
#..@...≈##.##≈......
#....o.≈oo§..≈......
#......≈##.# ≈......
#......≈≈# ≈......
#....W..≈≈≈≈≈.......
#...................
#...................
#..................(
#...................


You could see an orc warrior, panicbit's ghost and 3 orcs.

Vanquished Creatures
  2 two-headed ogres
  Sonja (D:10)
  6 centaur zombies
  2 centaur skeletons (D:7)
  2 hellwings (D:7)
  The ghost of vishdafish the Ruffian, an amateur TrFi (D:5)
  A troll (D:9)
  A hippogriff (D:9)
  A wraith (D:10)
  4 hogs (D:7)
  A human (D:7)
  A wyvern (D:10)
  4 orc warriors
  4 ice beasts
  A black bear (D:7)
  2 necrophages
  3 sky beasts
  A phantom (D:8)
  2 centaurs
  7 ogres
  5 bullfrogs
  A water moccasin zombie (D:8)
  3 scorpions
  7 wights
  5 crimson imps
  A quasit (D:6)
  4 bullfrog zombies
  3 hounds
  7 orc priests
  8 mummies (Ossuary)
  15 orc wizards
  5 worker ants
  A killer bee zombie (Ossuary)
  4 hound zombies
  A hound skeleton (D:5)
  2 howler monkey zombies (Ossuary)
  7 worker ant zombies
  A howler monkey skeleton (D:10)
  4 gnolls (D:4)
  13 adders
  6 shadow imps
  3 oozes
  An adder zombie (Ossuary)
  2 adder skeletons
  A dart slug (D:1)
  8 leopard geckos
  57 orcs
  2 ball pythons
  9 bats
  3 giant cockroaches
  8 goblins
  6 hobgoblins
  7 jackals
  5 kobolds
  3 quokkas
  A frilled lizard (D:5)
  A giant cockroach zombie (Ossuary)
  2 leopard gecko zombies (Ossuary)
  3 quokka zombies (Ossuary)
  8 rats
  A withered plant (Ossuary)
281 creatures vanquished.

Vanquished Creatures (others)
  A rat (D:5)
  6 withered plants
7 creatures vanquished.

Grand Total: 288 creatures vanquished

Notes
Turn   | Place    | Note
-------+----------+-------------------------------------------
     0 | D:1      | rezek the Kobold Berserker began the quest for the Orb.
     0 | D:1      | Reached XP level 1. HP: 14/14 MP: 1/1
     8 | D:1      | Reached skill level 1 in Stealth
    50 | D:1      | Reached skill level 2 in Stealth
    50 | D:1      | Reached XP level 2. HP: 17/19 MP: 2/2
   170 | D:1      | Reached skill level 3 in Stealth
   300 | D:1      | Reached XP level 3. HP: 7/23 MP: 3/3
   742 | D:1      | Reached ** piety under Trog
   742 | D:1      | Reached skill level 4 in Stealth
  1466 | D:2      | Found a hide-covered altar of Uskayaw.
  1476 | D:2      | Reached XP level 4. HP: 28/28 MP: 4/4
  1644 | D:2      | Reached skill level 5 in Stealth
  1766 | D:2      | Found a sparkling altar of Nemelex Xobeh.
  2079 | D:3      | Found an iron altar of Okawaru.
  2121 | D:3      | Reached skill level 1 in Evocations
  2503 | D:3      | Found an iron altar of Okawaru.
  2510 | D:3      | Reached XP level 5. HP: 30/32 MP: 5/5
  2728 | D:3      | Found a stormy altar of Qazlal.
  2729 | D:3      | Found a blossoming altar of Fedhas.
  2834 | D:3      | Reached skill level 6 in Stealth
  3233 | D:4      | Found a glowing silver altar of Zin.
  3316 | D:4      | Reached skill level 7 in Stealth
  3316 | D:4      | Reached XP level 6. HP: 29/37 MP: 5/7
  3376 | D:4      | Noticed a sky beast
  3383 | D:4      | Killed a sky beast
  3545 | D:4      | Reached skill level 8 in Stealth
  3710 | D:4      | Reached XP level 7. HP: 41/41 MP: 9/9
  3717 | D:4      | Reached *** piety under Trog
  4234 | D:5      | Entered Level 5 of the Dungeon
  4268 | D:5      | Noticed vishdafish's ghost (amateur TrFi)
  4610 | D:5      | Found a white marble altar of Elyvilon.
  4660 | D:5      | Reached skill level 9 in Stealth
  4771 | D:5      | Found a deep blue altar of Sif Muna.
  4813 | D:5      | Reached skill level 5 in Short Blades
  4939 | D:5      | Reached XP level 8. HP: 43/46 MP: 8/10
  5127 | D:5      | Killed vishdafish's ghost
  5215 | D:5      | Reached skill level 10 in Stealth
  5341 | D:5      | Found a staircase to the Ecumenical Temple.
  5350 | Temple   | Entered the Ecumenical Temple
  5597 | D:6      | Reached **** piety under Trog
  5659 | D:6      | Reached skill level 5 in Evocations
  5829 | D:6      | Reached XP level 9. HP: 40/52 MP: 9/12
  6187 | D:6      | Found a glowing golden altar of the Shining One.
  6649 | D:7      | Reached skill level 5 in Dodging
  6649 | D:7      | Reached skill level 11 in Stealth
  6748 | D:7      | Reached skill level 5 in Fighting
  6748 | D:7      | Reached XP level 10. HP: 32/58 MP: 5/14
  7029 | D:7      | Reached skill level 10 in Short Blades
  7046 | D:7      | Reached skill level 12 in Stealth
  7618 | D:7      | Reached XP level 11. HP: 66/66 MP: 12/16
  7966 | D:7      | Reached ***** piety under Trog
  8123 | D:7      | Found a basalt altar of Yredelemnul.
  8287 | D:8      | Found a shadowy altar of Dithmenos.
  8423 | D:8      | Noticed a two-headed ogre
  8426 | D:8      | Killed a two-headed ogre
  8426 | D:8      | Reached skill level 13 in Stealth
  8487 | D:8      | Found a sand-covered staircase.
  8546 | Ossuary  | Entered an ossuary
  8986 | Ossuary  | Got a sparkling silver amulet
  8988 | Ossuary  | Identified the amulet of Kaachon {Gourm rPois rN+} (You found it in an ossuary)
  9915 | D:9      | Got a pair of twisted gloves
  9921 | D:9      | Identified the +2 pair of gloves of the Suburbs {rN+} (You found it on level 9 of the Dungeon)
 10028 | D:9      | Found a burning altar of Makhleb.
 10354 | D:9      | Reached skill level 14 in Stealth
 10419 | D:9      | Received a gift from Trog
 10537 | D:9      | Found a radiant altar of Vehumet.
 10701 | D:10     | Entered Level 10 of the Dungeon
 10701 | D:10     | Noticed a two-headed ogre
 10725 | D:10     | Killed a two-headed ogre
 10774 | D:10     | Noticed Sonja
 10776 | D:10     | Killed Sonja
 10882 | D:10     | Found a flagged portal.
 10982 | Bailey   | Entered a bailey
 11230 | Bailey   | Noticed panicbit's ghost (novice MiFi)
 11233 | Bailey   | Shot with a bolt by an orc warrior

Skill      XL: |  1  2  3  4  5  6  7  8  9 10 11 |
---------------+----------------------------------+-----
Stealth        | 2 3 4 5 7 8 9 10 11 12 14 | 14.7
Evocations     | 1 2 3 5 6 7 9 |  9.1
Short Blades   | 5 7 9 10 | 10.8
Dodging        | 4 5 6 8 |  8.0
Fighting       | 4 5 6 8 |  8.4
Armour         | |  1.6

Action                   |  1- 3 |  4- 6 |  7- 9 | 10-12 || total
-------------------------+-------+-------+-------+-------++-------
Melee: Short sword       |    99 |   175 |       |       ||   274
       Dagger            |       |     6 |   483 |   879 ||  1368
Invok: Berserk           |     2 |     7 |    16 |    18 ||    43
       Trog's Hand       |       |     1 |     1 |     2 ||     4
       Burn Spellbooks   |       |       |     1 |       ||     1
Evoke: Wand              |       |     2 |       |     1 ||     3
  Use: Potion            |       |     3 |       |     1 ||     4
       Scroll            |       |       |       |    15 ||    15
 Stab: Sleeping          |     4 |     8 |     4 |    11 ||    27
       Distracted        |       |     2 |     2 |     6 ||    10
  Eat: Chunk             |     9 |    16 |    26 |    32 ||    83
Armor: Animal skin       |    12 |    26 |    44 |    44 ||   126
Dodge: Dodged            |    73 |   111 |   184 |   246 ||   614
